 Dungeon Crawl Stone Soup version 0.30-a0-170-g85af917532 (webtiles) character file.

Game seed: 2602556612395791188

758956 Bnni the Phalangite (level 27, -7/242 HPs)
             Began as a Demonspawn Fighter on Oct 1, 2022.
             Was a High Priest of Okawaru.
             Killed from afar by Antaeus (11 damage)
             ... with a bolt of lightning
             ... in the Arena on Oct 2, 2022.
             The game lasted 05:16:26 (67215 turns).

Bnni the Phalangite (Demonspawn Fighter)           Turns: 67215, Time: 05:16:33

Health: -7/242     AC: 41    Str: 25    XL:     27
Magic:  26/39      EV: 30    Int: 14    God:    Okawaru [*****.]
Gold:   5858       SH: 12    Dex: 24    Spells: 15/50 levels left

rFire   + . .      SeeInvis +    n - +7 demon trident (flame)
rCold   + + +      Faith    .    V - +3 warlock's mirror {reflect}
rNeg    + . .      Spirit   .    d - +10 pearl dragon scales
rPois   +          Reflect  +    t - +1 helmet of Repulsion {Rampage rC+}
rElec   +          Harm     .    k - +2 cloak "Fyoradio" {rPois Str+3 SInv}
rCorr   .          Rampage  +    D - +0 pair of fencer's gloves {Riposte Dex+3}
Will    +++..                    (boots unavailable)
Stlth   ++........               r - amulet of Hacam {Fly rElec Regen+}
HPRegen 1.30/turn                E - ring of Mexkeb {rF+ rC+}
MPRegen 0.26/turn                w - ring of protection from cold

@: mighty, heroic, finesse-ful, frozen, flying, studying 2 skills, duelling,
very slow
A: hooves 3, slimy green scales 3, hurl damnation, foul stench 3, spiny 3,
torment resistance 1, demonic willpower, agile 2
}: 6/15 runes: decaying, slimy, silver, obsidian, abyssal, gossamer
a: Hurl Damnation, Renounce Religion, Heroism, Finesse, Duel


You were in the Arena.
You worshipped Okawaru.
Okawaru was extremely pleased with you.
You visited 15 branches of the dungeon, and saw 71 of its levels.
You visited the Abyss 4 times.
You also visited: Sewer, Ossuary, Bailey, Volcano and Wizlab.

You collected 10531 gold pieces.
You spent 4673 gold pieces at shops.

Inventory:

Hand Weapons
 a - a +9 spectral demon trident
 n - a +7 demon trident of flaming (weapon)
 I - the +7 sceptre of Asmodeus
   (You took it off Asmodeus in the Arena)

   It can be evoked to summon fiery demons, with success rate depending on
   Evocations skill.
   Those summoned this way will remain friendly only for a limited time.
 U - a +9 spectral demon trident
Missiles
 o - a throwing net (quivered)
Armour
 d - +10 pearl dragon scales (worn)
 k - the +2 cloak "Fyoradio" (worn) {rPois Str+3 SInv}
   (You bought it in a shop on level 1 of the Orcish Mines)

   Str:       It affects your strength (+3).
   rPois:     It protects you from poison.
   SInv:      It lets you see invisible.
 t - the +1 helmet of Repulsion (worn) {Rampage rC+}
   (You acquired it on level 2 of the Crypt)

   rC:        It protects you from cold.
   Rampage:   It bestows one free step when moving towards enemies.
 D - the +0 pair of fencer's gloves (worn) {Riposte Dex+3}
   (You acquired it on level 10 of the Dungeon)

   It allows the wearer to riposte with melee weapons, swiftly retaliating
   against missed or blocked melee attacks.
   Dex:       It affects your dexterity (+3).
 M - the +0 helmet of Shadows and Fog {rCorr}
   (Okawaru gifted it to you on level 2 of the Vaults)

   rCorr:     It protects you from acid and corrosion.
 S - the +2 pair of gloves "Ynimp" {rC+ Dex+4}
   (Okawaru gifted it to you on level 11 of the Dungeon)

   Dex:       It affects your dexterity (+4).
   rC:        It protects you from cold.
 V - the +3 warlock's mirror (worn) {reflect}
   (You found it on level 14 of the Dungeon)

   It can block and reflect piercing ranged attacks and magical attacks against
   the wielder's willpower.
Jewellery
 f - a ring of positive energy
 h - a ring of positive energy
 r - the amulet of Hacam (around neck) {Fly rElec Regen+}
   (You bought it in a shop on level 3 of the Elven Halls)

   [amulet of regeneration]

   rElec:     It insulates you from electricity.
   Fly:       It grants you flight.
   Regen:     It increases your rate of health regeneration.
 u - the ring of Imosef {rF+ Int+4}
   (You took it off a deep elf high priest on level 3 of the Elven Halls)

   [ring of protection from fire]

   Int:       It affects your intelligence (+4).
   rF:        It protects you from fire.
 w - a ring of protection from cold (right hand)
 y - the ring of Widd {AC+4 Slay+5}
   (You found it on level 7 of Gehenna)

   [ring of protection]

   AC:        It affects your AC (+4).
   Slay:      It affects your accuracy & damage with ranged weapons and melee
   (+5).
 E - the ring of Mexkeb (left hand) {rF+ rC+}
   (You bought it in a shop on level 3 of the Elven Halls)

   [ring of protection from cold]

   rF:        It protects you from fire.
   rC:        It protects you from cold.
 H - the ring of Doors {Int+5 SInv}
   (You found it on level 1 of the Spider Nest)

   [ring of see invisible]

   Int:       It affects your intelligence (+5).
   SInv:      It lets you see invisible.
 J - the ring of Fogar {Int+7 Slay+4 Stlth+}
   (You found it on level 2 of the Crypt)

   [ring of slaying]

   Int:       It affects your intelligence (+7).
   Slay:      It affects your accuracy & damage with ranged weapons and melee
   (+4).
   Stlth:     It makes you more stealthy.
Wands
 B - a wand of paralysis (65)
 N - a wand of digging (15)
 O - a wand of acid (42)
 Q - a wand of mindburst (11)
Scrolls
 i - 3 scrolls of silence
 m - 12 scrolls of fear
 p - 33 scrolls of teleportation
 q - 5 scrolls of amnesia
 v - 6 scrolls of magic mapping
 A - 10 scrolls of blinking
 K - 8 scrolls of fog
 P - 11 scrolls of enchant armour
Potions
 b - 10 potions of mutation
 c - 7 potions of attraction
 e - 5 potions of magic
 g - 3 potions of brilliance
 j - 20 potions of curing
 l - 2 potions of berserk rage
 z - 6 potions of invisibility
 C - 5 potions of heal wounds
 F - 7 potions of cancellation
 G - 11 potions of haste
 R - 5 potions of might
 Y - 4 potions of resistance
Miscellaneous
 L - a box of beasts


   Skills:
 + Level 25.0(27) Fighting
 - Level 26.0(27) Polearms
 - Level 14.0(19.0) Armour
 - Level 20.0(25.0) Dodging
 - Level 10.0(15.0) Shields
 - Level 12.0 Spellcasting
 - Level 8.0 Hexes
 + Level 16.1 Translocations
 - Level 10.0 Air Magic
 * Level 19.8 Invocations


You had 15 spell levels left.
You knew the following spells:

 Your Spells              Type           Power      Damage    Failure   Level
a - Apportation           Tloc           100%       N/A       1%          1
b - Blink                 Tloc           100%       N/A       1%          2
c - Lesser Beckoning      Tloc           52%        N/A       1%          3
d - Airstrike             Air            18%        2d(3-19)  3%          4
e - Teleport Other        Tloc           52%        N/A       1%          3
f - Manifold Assault      Tloc           52%        N/A       1%          4
g - Dispersal             Tloc           26%        N/A       3%          6
h - Silence               Hex/Air        16%        N/A       12%         5
p - Passage of Golubria   Tloc           52%        N/A       1%          4
s - Swiftness             Air            36%        N/A       1%          3

Your spell library contained the following spells:

 Spells                   Type           Power      Damage    Failure   Level
 Momentum Strike          Conj/Tloc      60%        3d9       1%          2
 Confusing Touch          Hex            30%        N/A       1%          3
 Gell's Gravitas          Tloc           52%        N/A       1%          3
 Portal Projectile        Hex/Tloc       84%        N/A       1%          3
 Shock                    Conj/Air       88%        1d8       2%          1
 Ensorcelled Hibernation  Hex/Ice        38%        N/A       5%          2
 Cigotuvi's Dreadful Rot  Necr/Pois/Air  34%        N/A       7%          2
 Cause Fear               Hex            15%        N/A       7%          4
 Inner Flame              Hex/Fire       19%        N/A       11%         3
 Mephitic Cloud           Conj/Pois/Air  17%        N/A       14%         3
 Foxfire                  Conj/Fire      32%        2x1d5     19%         1
 Freeze                   Ice            32%        1d5       19%         1
 Kiss of Death            Conj/Necr      32%        2d7       19%         1
 Magic Dart               Conj           32%        1d4       19%         1
 Necrotise                Necr           32%        1d5       19%         1
 Sandblast                Erth           16%        2d6       19%         1
 Sting                    Tmut/Pois      32%        1d4       19%         1
 Passwall                 Tmut/Erth      6%         N/A       26%         2
 Sublimation of Blood     Necr           8%         N/A       26%         2
 Anguish                  Hex/Necr       9%         N/A       34%         4
 Leda's Liquefaction      Hex/Erth       9%         N/A       34%         4
 Frozen Ramparts          Ice            16%        1d3       47%         3
 Hailstorm                Conj/Ice       8%         3d4       47%         3
 Ignite Poison            Fire/Tmut/Pois 8%         N/A       47%         3
 Spider Form              Tmut/Pois      8%         N/A       47%         3
 Stone Arrow              Conj/Erth      16%        3d8       47%         3
 Vampiric Draining        Necr           8%         2d6       47%         3
 Lightning Bolt           Conj/Air       11%        1d24      54%         5
 Yara's Violent Unravell  Hex/Tmut       9%         3d6       67%         5
 Freezing Cloud           Conj/Ice/Air   8%         6-21      78%         5
 Disjunction              Tloc           26%        N/A       85%         8
 Dispel Undead            Necr           8%         3d8       87%         4
 Flame Wave               Conj/Fire      8%         2d5       87%         4
 Ice Form                 Ice/Tmut       8%         N/A       87%         4
 Olgreb's Toxic Radiance  Pois           8%         N/A       87%         4
 Petrify                  Tmut/Erth      8%         N/A       87%         4
 Sticky Flame             Conj/Fire      8%         2d3       87%         4
 Conjure Ball Lightning   Conj/Air       11%        3x3d6     98%         6
 Alistair's Intoxication  Tmut/Pois      5%         N/A       99%         5
 Blade Hands              Tmut           4%         N/A       99%         5
 Borgnjor's Vile Clutch   Necr/Erth      4%         N/A       99%         5
 Fireball                 Conj/Fire      4%         3d4       99%         5
 Irradiate                Conj/Tmut      4%         3d13      99%         5
 Lee's Rapid Deconstruct  Erth           4%         3d6*      99%         5
 Enfeeble                 Hex            15%        N/A       99%         7
 Eringya's Noxious Bog    Tmut/Pois      4%         N/A       100%        6
 Iron Shot                Conj/Erth      4%         9d2       100%        6
 Starburst                Conj/Fire      4%         6d3       100%        6
 Statue Form              Tmut/Erth      5%         N/A       100%        6
 Ozocubu's Refrigeration  Ice            4%         4d8       100%        7
 Storm Form               Tmut/Air       11%        N/A       100%        7
 Borgnjor's Revivificati  Necr           4%         N/A       100%        8
 Discord                  Hex            15%        N/A       100%        8
 Ignition                 Fire           4%         3d4       100%        8
 Lehudib's Crystal Spear  Conj/Erth      4%         10d3      100%        8
 Maxwell's Capacitive Co  Air            18%        ∞         100%        8
 Necromutation            Tmut/Necr      4%         N/A       100%        8
 Death's Door             Necr           4%         N/A       100%        9
 Polar Vortex             Ice            4%         N/A       100%        9
 Tukima's Dance           Hex            Unusable   N/A       N/A         3
 Summon Guardian Golem    Hex/Summ       Unusable   N/A       N/A         3
 Summon Small Mammal      Summ           Unusable   N/A       N/A         1
 Summon Lightning Spire   Summ/Air       Unusable   N/A       N/A         4
 Call Imp                 Summ           Unusable   N/A       N/A         2
 Call Canine Familiar     Summ           Unusable   N/A       N/A         3
 Animate Armour           Summ/Erth      Unusable   N/A       N/A         4
 Animate Dead             Necr           Unusable   N/A       N/A         4
 Death Channel            Necr           Unusable   N/A       N/A         6
 Simulacrum               Ice/Necr       Unusable   N/A       N/A         6
 Infestation              Necr           Unusable   N/A       N/A         8

Dungeon Overview and Level Annotations

Branches:
Dungeon (15/15)            Temple (1/1) D:6            Lair (5/5) D:8
  Swamp (4/4) Lair:3       Spider (4/4) Lair:2        Slime (5/5) Lair:5
    Orc (2/2) D:12            Elf (3/3) Orc:2        Vaults (5/5) D:14
  Crypt (3/3) Vaults:2       Tomb (0/3) Crypt:3      Depths (4/4) D:15
   Hell (visited)             Dis (0/7) Hell            Geh (7/7) Hell
    Coc (7/7) Hell            Tar (0/7) Hell            Zot (5/5) Depths:4
  Sewer (visited)         Ossuary (visited)          Bailey (visited)
Volcano (visited)          WizLab (visited)

Altars:
Ashenzari
Cheibriados
Dithmenos
Fedhas
Gozag
Hepliaklqana
Kikubaaqudgha
Makhleb
Nemelex Xobeh
Okawaru
Qazlal
Ru
Sif Muna
Trog
Uskayaw
Vehumet
Wu Jian
Xom
Yredelemnul
Jiyva

Shops:
D:8 =   D:13 *   D:14 (   Orc:1 [*[   Orc:2 ([*=   Elf:2 *:(*   Elf:3 ==::
Vaults:2 ([[?*   Vaults:4 [!(!   Vaults:5 =   Depths:1 [

Portals:
Hell: Depths:1 Depths:2 Depths:3 Depths:4
Abyss: D:13 Depths:1 Depths:3 Depths:4
Pandemonium: Depths:1 Depths:2
Ziggurat: Depths:2

Annotations:
Arena Antaeus


Innate Abilities, Weirdness & Mutations

You have hooves in place of feet.
You are completely covered in slimy green scales. (AC +4, rPois)
You can hurl damnation.
You frequently emit foul miasma when damaged in melee.
You are completely covered in sharp spines.
You are resistant to unholy torment.
You punish those that try to bend your will. (Will+)
You are very agile. (Dex +8, Str/Int -2)


Message History

* * * LOW HITPOINT WARNING * * *
You are encased in ice.
Unknown command.
You hit Antaeus. You burn Antaeus. You kick Antaeus, but do no damage.
Antaeus is heavily wounded.
Antaeus is struck by your spines. Antaeus misses you.
Antaeus closely misses you.
Unknown command.
You puncture Antaeus! You burn Antaeus. You kick Antaeus!
Antaeus is heavily wounded.
You impale Antaeus!! You burn Antaeus! You kick Antaeus, but do no damage.
Antaeus is heavily wounded.
You block Antaeus's attack.
You riposte.
You puncture Antaeus! You burn Antaeus. You kick Antaeus.
Antaeus is heavily wounded.
Antaeus completely misses you.
You hit Antaeus but do no damage. You kick Antaeus.
Antaeus is heavily wounded.
You impale Antaeus!! You burn Antaeus! You kick Antaeus, but do no damage.
Antaeus is severely wounded.
You block Antaeus's attack. Antaeus misses you.
You hit Antaeus. You burn Antaeus. Your kick misses Antaeus.
Antaeus is severely wounded.
You impale Antaeus!! You burn Antaeus. You kick Antaeus, but do no damage.
Antaeus is severely wounded.
You puncture Antaeus! You burn Antaeus. Your kick misses Antaeus.
Antaeus is severely wounded.
Antaeus hits you!!!
* * * LOW HITPOINT WARNING * * *
Antaeus freezes you! You resist.
* * * LOW HITPOINT WARNING * * *
You emit a cloud of foul miasma!
Antaeus hits you but does no damage.
Okay, then.
Casting: Lesser Beckoning (safe; 1% risk of failure)
Confirm with . or Enter, or press ? or * to list all spells.
You blink.
Antaeus gestures at you. The bolt of lightning hits you! You resist.
You die...
Okawaru crowns Antaeus victorious!

###########
#..ppppp..#
#.▓▓▓▓▓▓▓.#
#.▓.....▓.#
#p▓....@▓p#
#p▓..§..▓p#
#p▓..C..▓p#
#p▓.....▓p#
#.▓▓▓▓▓▓▓.#
#..p▓∩▓p..#
###########


You could see Antaeus (fast).

Vanquished Creatures
  Asmodeus (Arena)
  the Royal Jelly (Slime:5)
  Dissolution (Slime:4)
  the Serpent of Hell (Arena)
  8 dread liches
  2 orbs of fire
  Vv (Depths:4)
  A royal mummy (Arena)
  Boris (Depths:4)
  14 shard shrikes
  Sojobo (Depths:2)
  Margery (Crypt:1)
  Saint Roka (Depths:2)
  Frederick (Crypt:1)
  A curse toe (Zot:4)
  13 golden dragons
  2 caustic shrikes
  Geryon (Arena)
  The ghost of Decritt the Slayer, an adept DjCj of Makhleb (Elf:2)
  2 profane servitors
  4 bone dragons
  Jory (Arena)
  7 Brimstone Fiends
  Arachne (Spider:4)
  10 hellephants
  15 tentacled monstrosities
  Rupert (Lair:5)
  32 searing wretches
  9 Ice Fiends
  2 deep elf blademasters (Elf:3)
  9 liches
  9 titans
  A deep elf master archer (Elf:3)
  24 acid blobs
  3 quicksilver dragons
  5 ancient champions
  4 sphinxes
  3 Executioners
  7 tengu reavers
  4 tentacled starspawn
  7 death cobs
  7 shadow dragons
  5 revenants
  3 narguns (Coc:7)
  3 draconian monks
  24 fire giants
  16 azure jellies
  4 rockslimes
  8 storm dragons
  3 cacodemons (Abyss:5)
  6 emperor scorpions
  5 deep elf sorcerers
  5 iron dragons
  8 frost giants
  5 draconian knights
  25 balrugs
  2 draconian scorchers
  4 ghost moths
  5 orc warlords
  Louise (Depths:1)
  19 vault wardens
  A spectral caustic shrike (Crypt:3)
  7 deep elf elementalists (Elf:3)
  A curse skull (Crypt:2)
  12 shard shrike simulacra
  6 draconian annihilators
  2 draconian shifters
  3 reapers (Hell)
  3 spriggan defenders (Depths:3)
  9 quicksilver oozes
  5 draconian stormcallers
  10 ghouls
  18 stone giants
  A caustic shrike skeleton (Crypt:2)
  3 war gargoyles
  22 elemental wellsprings
  2 grey draconians (Depths:4)
  13 vampire knights
  8 ironbound thunderhulks
  15 ironbound preservers
  21 very ugly things
  The ghost of ksawer the Tortoise, a journeyman MiFi of Yredelemnul (Spider:1)
  2 broodmothers (Spider:2)
  12 green draconians
  12 deep elf demonologists
  8 dire elephants
  9 black draconians
  2 eleionomae
  15 red draconians
  9 purple draconians
  5 bunyips
  10 deep elf annihilators
  16 wendigos
  10 spark wasps
  5 white draconians
  7 eidola
  12 yellow draconians
  2 blizzard demons
  3 mummy priests (WizLab)
  20 ettins
  8 deep elf death magi
  The ghost of Syac the Conjurer, a journeyman DsCj of Ashenzari (Lair:4)
  5 crystal guardians (Vaults:4)
  24 jiangshi
  12 fire dragons
  15 yaktaur captains
  6 deep elf high priests
  4 entropy weavers
  11 great orbs of eyes
  10 ice dragons
  5 spriggan zombies
  17 hydras
  7 rakshasas
  23 vault guards
  5 peacekeepers
  2 jorogumos
  The ghost of Ischeuh the Covert, a journeyman SpEn of Dithmenos (D:13)
  A merfolk aquamancer (Crypt:2)
  3 ogre magi
  7 salamander tyrants
  3 ghost crabs
  4 catoblepae
  5 centaur warriors
  9 caustic shrike simulacra
  3 juggernaut simulacra
  3 radroaches
  8 alligators
  6 two-headed ogres
  7 death knights
  36 dancing weapons
  2 titan zombies (WizLab)
  12 stokers
  8 ironbound frosthearts
  11 boulder beetles
  12 deep troll shamans
  29 hell hogs
  4 tengu warriors
  7 vampire magi
  A naga warrior (Abyss:5)
  5 deep troll earth magi
  9 death yaks
  A storm dragon zombie (WizLab)
  9 thrashing horrors
  5 spriggan berserkers
  13 sun demons
  11 deep elf knights
  10 soul eaters
  5 orc high priests (Orc:2)
  24 hell knights
  8 iron trolls
  22 skeletal warriors
  6 wretched stars
  2 fire crabs (Swamp:4)
  7 pharaoh ants
  3 shadow wraiths
  4 goliath frogs
  16 steelbarb worms
  Amaemon (D:10)
  34 deep trolls
  A sun moth (Spider:4)
  3 spatial maelstroms
  11 orb spiders
  2 quicksilver dragon simulacra (Coc:4)
  9 glowing orange brains
  A deep troll (shapeshifter) (Vaults:5)
  2 anaconda zombies
  A shadow demon (Depths:2)
  6 flayed ghosts
  6 deep elf archers
  27 starcursed masses
  7 spriggan simulacra
  13 swamp dragons
  A glowing orange brain (shapeshifter) (Depths:1)
  7 bog bodies
  12 ironbound convokers
  12 orc knights
  17 phantasmal warriors
  3 harpies (Vaults:1)
  19 wizards
  Pikel (D:4)
  An anaconda skeleton (Hell)
  18 deep elf zephyrmancers
  12 lindwurms
  29 deep elf pyromancers
  14 necromancers
  8 orc sorcerers
  A mana viper (shapeshifter) (Vaults:5)
  A manticore (D:14)
  25 wolf spiders
  A frost giant zombie (WizLab)
  13 ugly things
  A cyclops (shapeshifter) (D:13)
  A fire giant zombie (WizLab)
  2 salamanders (Volcano)
  6 shining eyes
  A demonspawn zombie (WizLab)
  14 cyclopes
  A spectral centaur (Crypt:3)
  5 will-o-the-wisps
  4 worldbinders
  21 moths of wrath
  2 guardian serpents
  3 apocalypse crabs
  8 elephants (Lair:5)
  A human skeleton (Vaults:1)
  3 naga magi
  9 rust devils
  7 titan simulacra
  A stone giant skeleton (Crypt:1)
  18 smoke demons
  3 black mambas
  9 molten gargoyles
  12 torpor snails
  15 vault sentinels
  3 eyes of devastation
  2 orange demons
  A water nymph (shapeshifter) (Depths:3)
  5 hellions
  2 centaur skeletons
  9 cane toads
  3 gargoyles
  15 demonic crawlers
  25 yaktaurs
  3 kobold demonologists
  10 freezing wraiths
  9 ancient zymes
  2 yaktaurs (shapeshifter)
  8 komodo dragons
  2 rime drakes
  3 efreet
  2 bunyip simulacra
  A sea snake zombie (Hell)
  A hellwing (Depths:1)
  A grey draconian skeleton (Crypt:1)
  5 tormentors
  7 anaconda simulacra
  5 guardian mummies (WizLab)
  A tengu conjurer (Depths:4)
  A black draconian skeleton (Crypt:1)
  A red devil (Depths:2)
  A hydra zombie (Hell)
  A merfolk (shapeshifter) (Vaults:5)
  An ice devil (Depths:4)
  A sea snake skeleton (Hell)
  6 trolls
  2 silent spectres
  A bloated husk (Swamp:2)
  7 meliai
  A harpy zombie (Crypt:3)
  2 iron giant simulacra
  15 raiju
  7 tyrant leeches
  3 polar bears
  98 slime creatures
  13 hornets
  A tengu simulacrum (Vaults:1)
  A harpy skeleton (Abyss:6)
  A queen bee (Lair:2)
  3 iron dragon simulacra
  A fire dragon zombie (WizLab)
  A dream sheep (shapeshifter) (Depths:2)
  27 tarantellas
  A meliai zombie (D:11)
  A snapping turtle (shapeshifter) (Vaults:5)
  33 jumping spiders
  Sigmund (D:4)
  A human simulacrum (Vaults:1)
  8 blink frogs
  An air elemental (Elf:2)
  2 alligator zombies (Hell)
  57 flying skulls
  12 shadows
  45 large abominations
  12 water elementals
  2 centaur simulacra
  14 wraiths
  16 culicivoras
  6 dire elephant simulacra
  9 spriggans
  3 fire bats (Swamp:4)
  2 vampires
  5 ynoxinuls
  21 fire elementals
  A hog (shapeshifter) (Volcano)
  49 yaks
  A yak (shapeshifter) (D:14)
  A human (Crypt:2)
  7 wyverns
  3 steam dragons
  An alligator snapping turtle simulacrum (Coc:2)
  6 vampire mosquitoes
  13 golden eyes
  9 basilisks
  47 redbacks
  A golden eye (shapeshifter) (Depths:1)
  6 neqoxecs
  2 chaos spawn (Abyss:5)
  A merfolk zombie (Crypt:1)
  4 spatial vortices
  19 harpy simulacra
  23 swamp worms
  A glowing shapeshifter zombie (Crypt:2)
  6 wargs
  A fire bat skeleton (Crypt:2)
  3 hydra simulacra
  An acid dragon (shapeshifter) (Vaults:5)
  2 acid dragons
  8 water moccasins
  Duvessa (D:6)
  A floating eye (Depths:3)
  6 hell hounds
  A faun skeleton (Crypt:2)
  11 swamp drakes
  28 small abominations
  3 ice beasts
  38 orc warriors
  3 ettin simulacra
  3 black bears
  A sky beast (D:10)
  10 boggarts
  19 centaurs
  13 wolves
  6 ogres
  A phantom (D:4)
  Blork the orc (D:4)
  A lemure (D:4)
  6 kobold brigands
  A draconian zombie (Crypt:1)
  4 earth elementals
  7 necrophages
  19 bullfrogs
  A gnoll sergeant (D:10)
  3 scorpions
  4 naga simulacra
  A cyclops skeleton (Crypt:2)
  4 wights
  Dowan (D:6)
  27 killer bees
  A raiju zombie (Crypt:1)
  3 electric eels
  4 howler monkeys
  7 centaur zombies
  A jelly (D:5)
  A quasit (Abyss:2)
  A crimson imp (Abyss:2)
  5 hounds
  14 orc priests
  Crazy Yiuf (D:3)
  2 human zombies
  2 gnoll boudas
  An iron imp (Abyss:2)
  Natasha (D:4)
  3 boggart zombies (D:15)
  29 orc wizards
  A naga zombie (Crypt:2)
  4 mummies (Ossuary)
  8 gnolls
  12 adders
  A river rat (D:4)
  A swamp drake skeleton (Crypt:2)
  A white imp (Abyss:2)
  3 ufetubi
  A jelly zombie (Crypt:1)
  A worm zombie (D:6)
  5 worms
  A worm (shapeshifter) (Vaults:5)
  2 dart slugs
  70 orcs
  10 endoplasms
  13 giant cockroaches
  12 goblins
  7 hobgoblins
  4 jackals (D:4)
  A jackal (shapeshifter) (Vaults:5)
  8 quokkas
  19 ball pythons
  A ball python skeleton (Crypt:2)
  3 bats
  4 frilled lizards
  A frilled lizard skeleton (Crypt:2)
  A gnoll zombie (Ossuary)
  A goblin zombie (Ossuary)
  3 hobgoblin zombies (Ossuary)
  A jackal skeleton (Crypt:2)
  36 kobolds
  2 orc zombies
  9 rats
  A butterfly (Swamp:1)
  3 creeping infernos
  27 fire vortices
  2 lurking horrors
  A plant (Lair:4)
  4 starspawn tentacles
3031 creatures vanquished.

Vanquished Creatures (others)
  A draconian scorcher (Zot:1)
  2 shard shrike simulacra
  A deep elf annihilator (Elf:2)
  A jiangshi (Crypt:2)
  A caustic shrike simulacrum (Coc:7)
  A juggernaut simulacrum (Coc:7)
  A soul eater (Crypt:2)
  A deep elf knight (Elf:1)
  A spriggan simulacrum (Coc:5)
  2 fenstrider witch simulacra (Coc:2)
  2 titan simulacra (Coc:7)
  A hellion (Geh:3)
  An anaconda simulacrum (Coc:5)
  2 iron giant simulacra (Coc:5)
  A bloated husk (Swamp:2)
  2 steam dragons (Swamp:4)
  A harpy simulacrum (Coc:4)
  A swamp worm (Swamp:3)
  2 swamp drakes (Swamp:4)
  An ettin simulacrum (Coc:4)
  2 centaurs (D:6)
  2 orcs (Orc:2)
  3 ball lightnings (Elf:2)
  5 creeping infernos (Geh:3)
  A fire vortex (Geh:7)
  22 foxfires
  20 fungi
  4 lurking horrors (Geh:3)
  29 plants
  7 starspawn tentacles
  3 withered plants (D:11)
124 creatures vanquished.

Grand Total: 3155 creatures vanquished

Notes
Turn   | Place    | Note
-------+----------+-------------------------------------------
     0 | D:1      | Bnni the Demonspawn Fighter began the quest for the Orb.
     0 | D:1      | Reached XP level 1. HP: 18/18 MP: 1/1
   111 | D:1      | Reached skill level 2 in Polearms
   260 | D:1      | Gained mutation: You are partially covered in slimy green
                  | scales. (AC +2) [demonic ancestry]
   260 | D:1      | Reached XP level 2. HP: 24/24 MP: 2/2
   462 | D:1      | Found a faded altar of an unknown god.
  1200 | D:2      | Reached XP level 3. HP: 6/29 MP: 3/3
  1530 | D:2      | Reached skill level 3 in Polearms
  2582 | D:3      | Identified the +10 hand axe "Noom" {vorpal, rF+ Str-5 Dex+6
                  | Stlth+}
  2618 | D:3      | Gained mutation: You are mostly covered in slimy green
                  | scales. (AC +3) [demonic ancestry]
  2618 | D:3      | Reached XP level 4. HP: 30/37 MP: 4/4
  2878 | D:3      | Found a runed translucent door.
  2879 | D:3      | Noticed Crazy Yiuf
  2887 | D:3      | Killed Crazy Yiuf
  2896 | D:3      | Identified the +8 hammer of Intuition {holy, Will+++ Str+3
                  | SInv Stlth-}
  3019 | D:3      | Reached skill level 4 in Polearms
  3153 | D:3      | Reached XP level 5. HP: 42/42 MP: 5/5
  3468 | D:4      | Noticed Sigmund
  3469 | D:4      | Noticed Blork the orc
  3480 | D:4      | Killed Sigmund
  3481 | D:4      | Reached skill level 5 in Polearms
  3481 | D:4      | Reached XP level 6. HP: 32/50 MP: 6/6
  3484 | D:4      | Killed Blork the orc
  3485 | D:4      | Reached skill level 5 in Fighting
  3695 | D:4      | Noticed Pikel
  3710 | D:4      | Killed Pikel
  3711 | D:4      | Reached skill level 6 in Polearms
  3711 | D:4      | Gained mutation: You have large cloven feet. [demonic
                  | ancestry]
  3711 | D:4      | Reached XP level 7. HP: 25/57 MP: 7/7
  3987 | D:4      | Reached skill level 7 in Polearms
  4005 | D:4      | Found a glowing drain.
  4011 | Sewer    | Entered a sewer
  4279 | Sewer    | Gained mutation: You may rarely emit foul miasma when
                  | damaged in melee. [demonic ancestry]
  4279 | Sewer    | Reached XP level 8. HP: 43/64 MP: 8/8
  4293 | Sewer    | Got the Precepts of Bewitchment and Poisoning
  4493 | D:4      | Noticed Natasha
  4498 | D:4      | Killed Natasha
  4583 | D:4      | Identified the +7 dagger "Qigetomm" {flame, *Noise rCorr
                  | Str+9}
  4606 | D:4      | Reached skill level 8 in Polearms
  4818 | D:4      | Found an iron altar of Okawaru.
  4829 | D:4      | Became a worshipper of Warmaster Okawaru
  5223 | D:5      | Entered Level 5 of the Dungeon
  5902 | D:6      | Found a shimmering blue altar of Sif Muna.
  6227 | D:6      | Reached skill level 9 in Polearms
  6279 | D:6      | Reached * piety under Okawaru
  6317 | D:6      | Reached XP level 9. HP: 61/72 MP: 9/9
  6325 | D:6      | Found a sand-covered staircase.
  6352 | Ossuary  | Entered an ossuary
  6705 | D:6      | Found a radiant altar of Vehumet.
  7362 | D:6      | Noticed Duvessa
  7362 | D:6      | Noticed Dowan
  7370 | D:6      | Killed Dowan
  7372 | D:6      | Killed Duvessa
  7514 | D:6      | Found a staircase to the Ecumenical Temple.
  7519 | Temple   | Entered the Ecumenical Temple
  7712 | D:7      | Reached skill level 10 in Polearms
  7836 | D:7      | Reached ** piety under Okawaru
  8622 | D:7      | Reached skill level 1 in Invocations
  9092 | D:8      | Found a broken altar of Ashenzari.
  9213 | D:8      | Reached XP level 10. HP: 60/82 MP: 12/12
  9349 | D:8      | Found a staircase to the Lair.
  9462 | D:8      | Found Laostryn's Jewellery Shop.
  9476 | D:8      | Bought an amulet of reflection for 420 gold pieces
  9513 | D:8      | Found a hide-covered altar of Uskayaw.
  9890 | D:8      | Found a snail-covered altar of Cheibriados.
 10323 | D:9      | Reached skill level 11 in Polearms
 10341 | D:9      | Reached skill level 5 in Invocations
 10483 | D:9      | Reached *** piety under Okawaru
 10497 | D:9      | Found a shadowy altar of Dithmenos.
 10509 | D:9      | Found a flagged portal.
 10567 | Bailey   | Entered a bailey
 10573 | Bailey   | Noticed an orc knight
 10672 | Bailey   | Killed an orc knight
 10700 | Bailey   | Reached **** piety under Okawaru
 11236 | D:9      | Found a shimmering altar of Xom.
 11312 | D:9      | Noticed a two-headed ogre
 11312 | D:9      | Noticed a two-headed ogre
 11324 | D:9      | Killed a two-headed ogre
 11329 | D:9      | Killed a two-headed ogre
 11335 | D:9      | Gained mutation: You are partially covered in sharp spines.
                  | [demonic ancestry]
 11335 | D:9      | Reached XP level 11. HP: 87/90 MP: 9/17
 11343 | D:9      | Found the +12 pair of quick blades "Gyre" and "Gimble"
                  | {protect}
 11408 | D:9      | Paralysed by a hornet for 3 turns
 11414 | D:9      | Reached skill level 12 in Polearms
 11598 | D:10     | Entered Level 10 of the Dungeon
 11621 | D:10     | Reached ***** piety under Okawaru
 11867 | D:10     | Identified a scroll of acquirement
 11869 | D:10     | Acquired the +0 pair of fencer's gloves {Riposte Dex+3}
 11869 | D:10     | Found the +0 pair of fencer's gloves {Riposte Dex+3}
 11939 | D:10     | Noticed Amaemon
 11951 | D:10     | Killed Amaemon
 12061 | D:10     | Reached skill level 10 in Fighting
 12200 | D:10     | Identified the +0 pair of gloves of Unreason {rPois rF- rN+
                  | Will+} (Okawaru gifted it to you on level 10 of the
                  | Dungeon)
 12200 | D:10     | Received a gift from Okawaru
 12200 | D:10     | Noticed a centaur warrior
 12208 | D:10     | Reached skill level 10 in Invocations
 12211 | D:10     | Killed a centaur warrior
 12231 | D:10     | Noticed a deep elf pyromancer
 12236 | D:10     | Killed a deep elf pyromancer
 12311 | D:10     | Paralysed by a hornet for 2 turns
 12819 | D:11     | Reached skill level 13 in Polearms
 12956 | D:11     | Gained mutation: You have hoof-like feet. [demonic
                  | ancestry]
 12956 | D:11     | Reached XP level 12. HP: 95/99 MP: 20/20
 13351 | D:11     | Identified the +2 pair of gloves "Ynimp" {rC+ Dex+4}
                  | (Okawaru gifted it to you on level 11 of the Dungeon)
 13351 | D:11     | Received a gift from Okawaru
 13380 | D:11     | Identified the +1 robe "Leqoynuc" {Int+6 Stlth-}
 13830 | D:12     | Noticed a two-headed ogre
 13841 | D:12     | Killed a two-headed ogre
 13985 | D:12     | Reached skill level 14 in Polearms
 14049 | D:12     | Found a staircase to the Orcish Mines.
 14157 | D:13     | Noticed a boulder beetle
 14186 | D:13     | Killed a boulder beetle
 14236 | D:13     | Noticed an ogre mage
 14237 | D:13     | Noticed a two-headed ogre
 14238 | D:13     | Noticed a two-headed ogre
 14239 | D:13     | Paralysed by an ogre mage for 3 turns
 14246 | D:13     | Killed an ogre mage
 14251 | D:13     | Killed a two-headed ogre
 14257 | D:13     | Killed a two-headed ogre
 14299 | D:13     | Found Qoriremi's Overcharged Wands.
 14345 | D:13     | Noticed a catoblepas
 14374 | D:13     | Killed a catoblepas
 14412 | D:13     | Noticed a two-headed ogre
 14420 | D:13     | Killed a two-headed ogre
 14494 | D:13     | Noticed a hell hog
 14506 | D:13     | Noticed a great orb of eyes
 14522 | D:13     | Found a one-way gate to the infinite horrors of the Abyss.
 14522 | D:13     | Noticed Ischeuh's ghost (journeyman SpEn)
 14568 | D:13     | Found a transporter.
 14576 | D:13     | Found a transporter.
 14581 | D:13     | Noticed a centaur warrior
 14589 | D:13     | Killed a centaur warrior
 14632 | D:13     | You are sucked into a shaft and drop 2 floors!
 14632 | D:15     | Entered Level 15 of the Dungeon
 14636 | D:15     | Noticed a boulder beetle
 14821 | D:13     | Gained mutation: You have hooves in place of feet. [demonic
                  | ancestry]
 14821 | D:13     | Reached XP level 13. HP: 107/107 MP: 22/22
 15105 | D:13     | Reached skill level 15 in Polearms
 15130 | D:13     | Killed Ischeuh's ghost
 15318 | D:13     | Reached ****** piety under Okawaru
 15326 | D:14     | Received a gift from Okawaru
 15381 | D:14     | Reached skill level 1 in Dodging
 15418 | D:14     | Found Meti's Weapon Shoppe.
 15650 | D:14     | Found a gate to the Vaults.
 15745 | Abyss:2  | Found a corrupted altar of Lugonu.
 15745 | Abyss:2  | Cast into level 2 of the Abyss (a wizard)
 15817 | Abyss:2  | Noticed a starcursed mass
 15871 | Abyss:2  | Identified the +0 ring mail of the Princess {Regen+ Str+5
                  | Int+4} (Okawaru gifted it to you on level 2 of the Abyss)
 15871 | Abyss:2  | Received a gift from Okawaru
 16017 | Abyss:2  | Noticed a lich
 16026 | Abyss:2  | Noticed an Executioner
 16029 | Abyss:2  | Killed a lich
 16037 | Abyss:2  | Killed an Executioner
 16038 | Abyss:2  | Reached skill level 16 in Polearms
 16044 | D:14     | Escaped the Abyss
 16245 | D:14     | Identified the +4 quarterstaff "Raegew" {spect, rElec rPois
                  | Will+}
 16268 | D:14     | Found the +3 warlock's mirror {reflect}
 16582 | D:14     | Gained mutation: You are mostly covered in sharp spines.
                  | [demonic ancestry]
 16582 | D:14     | Reached XP level 14. HP: 92/118 MP: 23/23
 16756 | D:15     | Reached skill level 5 in Armour
 16969 | D:15     | Received a gift from Okawaru
 17263 | D:15     | Found a staircase to the Depths.
 17421 | D:8      | Identified the +4 scale mail of the Disturbing Realms
                  | {rPois rF- rC- Int+7} (Okawaru gifted it to you on level 8
                  | of the Dungeon)
 17421 | D:8      | Received a gift from Okawaru
 17434 | Lair:1   | Entered Level 1 of the Lair of Beasts
 17667 | Lair:1   | Reached skill level 5 in Shields
 17724 | Lair:1   | Reached skill level 5 in Dodging
 18096 | Lair:1   | You fall into a shaft and drop 1 floor!
 18314 | Lair:2   | Found a hole to the Spider Nest.
 19309 | Lair:3   | Found a staircase to the Swamp.
 19313 | Lair:3   | Received a gift from Okawaru
 20168 | Lair:4   | Found a dark tunnel.
 20188 | Volcano  | Entered a volcano
 20240 | Volcano  | Gained mutation: You punish those that try to bend your
                  | will. (Will+) [demonic ancestry]
 20240 | Volcano  | Reached XP level 15. HP: 101/126 MP: 24/24
 20285 | Volcano  | Noticed an orb of fire
 20330 | Volcano  | Noticed an orb of fire
 20594 | Lair:4   | Found a runed translucent door.
 20598 | Lair:4   | Noticed Syac's ghost (journeyman DsCj)
 20613 | Lair:4   | Killed Syac's ghost
 20907 | Lair:4   | Received a gift from Okawaru
 21114 | Lair:5   | Entered Level 5 of the Lair of Beasts
 21117 | Lair:5   | Noticed Rupert
 21131 | Lair:5   | Killed Rupert
 21175 | Lair:5   | Found a staircase to the Slime Pits.
 21175 | Lair:5   | Found a viscous altar of Jiyva.
 21281 | Lair:5   | Identified the +5 scale mail of the Ageless Lies {rElec}
 21545 | Lair:5   | Identified the +6 trident "Duza" {vorpal, rF+ rN+} (Okawaru
                  | gifted it to you on level 5 of the Lair of Beasts)
 21545 | Lair:5   | Received a gift from Okawaru
 21637 | Lair:5   | Identified the +4 ring mail of Broken Taboos {Rampage rPois
                  | rF+++ Regen+ Int-2}
 22028 | Orc:1    | Entered Level 1 of the Orcish Mines
 22028 | Orc:1    | Found Tutik's General Store.
 22028 | Orc:1    | Found Sucs's Armour Boutique.
 22032 | Orc:1    | Found Iconop Foemm's Armour Shoppe.
 22059 | Orc:1    | Bought +2 pearl dragon scales for 1517 gold pieces
 22241 | Orc:1    | Bought the +2 cloak "Fyoradio" {rPois Str+3 SInv} for 543
                  | gold pieces
 22407 | Orc:2    | Entered Level 2 of the Orcish Mines
 22515 | Orc:2    | Reached skill level 17 in Polearms
 22572 | Orc:2    | Reached skill level 15 in Fighting
 22582 | Orc:2    | Received a gift from Okawaru
 23083 | Orc:2    | Found a staircase to the Elven Halls.
 23122 | Orc:2    | Found Buerph's General Store.
 23123 | Orc:2    | Found Osku's Jewellery Boutique.
 23125 | Orc:2    | Found Teeggok's Antique Armour Boutique.
 23125 | Orc:2    | Found Weufa's Antique Weapon Shop.
 23360 | Orc:2    | Bought a scroll of blinking for 120 gold pieces
 23390 | Elf:1    | Entered Level 1 of the Elven Halls
 23396 | Elf:1    | Gained mutation: You are completely covered in sharp
                  | spines. [demonic ancestry]
 23396 | Elf:1    | Reached XP level 16. HP: 109/136 MP: 25/25
 23662 | Elf:1    | Identified the -1 pair of gloves "Suennav" {Str+4} (Okawaru
                  | gifted it to you on level 1 of the Elven Halls)
 23662 | Elf:1    | Received a gift from Okawaru
 24060 | Elf:1    | Got the Folio of Wicked Mysteries
 24501 | Elf:2    | Found a runed translucent door.
 24501 | Elf:2    | Noticed Decritt's ghost (adept DjCj)
 24527 | Elf:2    | Killed Decritt's ghost
 24632 | Elf:2    | Reached skill level 10 in Armour
 24655 | Elf:2    | Got Sif Muna's Omnibus of the Boulder
 24656 | Elf:2    | Found Diocy's General Store.
 24714 | Elf:2    | Found a runed translucent gate.
 24714 | Elf:2    | Found a runed translucent gate.
 24724 | Elf:2    | Found a runed translucent gate.
 24779 | Elf:2    | Found Teiblek's Weapon Shoppe.
 24846 | Elf:2    | Found Rinn's General Store.
 24879 | Elf:2    | Identified the +8 spear "Ruem Xam" {freeze, Fragile Dex+6}
                  | (Okawaru gifted it to you on level 2 of the Elven Halls)
 24879 | Elf:2    | Received a gift from Okawaru
 25040 | Elf:2    | Reached skill level 18 in Polearms
 25243 | Elf:2    | Bought a scroll of enchant armour for 75 gold pieces
 25310 | Elf:2    | Found Pipn's Book Shop.
 25468 | Elf:3    | Entered Level 3 of the Elven Halls
 25471 | Elf:3    | Reached XP level 17. HP: 144/144 MP: 26/26
 25481 | Elf:3    | Found Ajeor's Jewellery Shop.
 25530 | Elf:3    | Received a gift from Okawaru
 25621 | Elf:3    | Reached skill level 10 in Dodging
 26023 | Elf:3    | Noticed a deep elf blademaster
 26026 | Elf:3    | Noticed a deep elf blademaster
 26031 | Elf:3    | Killed a deep elf blademaster
 26034 | Elf:3    | Killed a deep elf blademaster
 26064 | Elf:3    | Identified the +13 crystal plate armour of the Heavens
                  | {Int+7} (Okawaru gifted it to you on level 3 of the Elven
                  | Halls)
 26064 | Elf:3    | Received a gift from Okawaru
 26065 | Elf:3    | Identified the ring of Imosef {rF+ Int+4}
 26118 | Elf:3    | Noticed a deep elf master archer
 26122 | Elf:3    | Killed a deep elf master archer
 26127 | Elf:3    | Identified the +7 spear of the Hurling Gods {spect, Int+5
                  | Stlth+}
 26136 | Elf:3    | Identified the +1 quick blade "Orooviry" {venom, rPois
                  | Str+4}
 26225 | Elf:3    | Identified the +11 hand axe of Efruce {vorpal, rElec Dex+4}
 26306 | Elf:3    | Identified the +8 spear "Tiofaso" {pain, rCorr Str-2 Dex+3}
 26329 | Elf:3    | Got Sif Muna's Essays on Illusion and Clay
 26345 | Elf:3    | Got the Vellum of Transmutation
 26352 | Elf:3    | Identified the +3 dagger of Tenacity {protect, +Blink rPois
                  | Str-2 Stlth+}
 26575 | Elf:3    | Found Xaxith Ulys's Book Shoppe.
 26577 | Elf:3    | Found Vycibb's Jewellery Boutique.
 26580 | Elf:3    | Found Hued's Book Shoppe.
 26589 | Elf:3    | Bought the amulet of Hacam {Fly rElec Regen+} for 507 gold
                  | pieces
 26589 | Elf:3    | Bought the ring of Mexkeb {rF+ rC+} for 429 gold pieces
 27016 | Spider:1 | Entered Level 1 of the Spider Nest
 27034 | Spider:1 | Learned a level 1 spell: Apportation
 27198 | Spider:1 | Found a transporter.
 27208 | Spider:1 | Found a transporter.
 27236 | Spider:1 | Noticed ksawer's ghost (journeyman MiFi)
 27361 | Spider:1 | Killed ksawer's ghost
 27371 | Spider:1 | Identified the +10 halberd of Nehyx {freeze, *Rage Fly
                  | Dex+4} (Okawaru gifted it to you on level 1 of the Spider
                  | Nest)
 27371 | Spider:1 | Received a gift from Okawaru
 27391 | Spider:1 | Identified the ring of Doors {Int+5 SInv}
 27721 | Spider:2 | Gained mutation: You sometimes emit foul miasma when
                  | damaged in melee. [demonic ancestry]
 27721 | Spider:2 | Reached XP level 18. HP: 105/154 MP: 27/27
 27887 | Spider:2 | Got Diakhapn's Discursus on the Snake
 28016 | Spider:2 | You are sucked into a shaft and drop 1 floor!
 28022 | Spider:3 | Received a gift from Okawaru
 28148 | Spider:3 | Reached skill level 10 in Shields
 28184 | Spider:3 | Identified the +4 long sword "Logg" {drain, rPois rN+ Int+4
                  | Stlth-}
 28400 | Spider:3 | Reached skill level 1 in Translocations
 28404 | Spider:3 | Reached skill level 1 in Spellcasting
 28696 | Spider:4 | Entered Level 4 of the Spider Nest
 28703 | Spider:4 | Noticed Arachne
 28731 | Spider:4 | Killed Arachne
 29139 | Spider:4 | Identified the +1 pair of gloves "Napeck" {rElec rN+}
                  | (Okawaru gifted it to you on level 4 of the Spider Nest)
 29139 | Spider:4 | Received a gift from Okawaru
 29406 | Spider:4 | Got a gossamer rune of Zot
 29878 | Spider:2 | Gained mutation: You are completely covered in slimy green
                  | scales. (AC +4, rPois) [demonic ancestry]
 29878 | Spider:2 | Reached XP level 19. HP: 163/163 MP: 28/28
 30338 | Swamp:1  | Entered Level 1 of the Swamp
 30435 | Swamp:1  | Learned a level 2 spell: Blink
 31385 | Swamp:3  | Reached skill level 5 in Translocations
 31484 | Swamp:3  | Reached skill level 5 in Spellcasting
 31684 | Swamp:3  | Found a shimmering altar of Xom.
 31824 | Swamp:4  | Entered Level 4 of the Swamp
 31918 | Swamp:4  | Learned a level 3 spell: Lesser Beckoning
 31922 | Swamp:4  | Learned a level 3 spell: Teleport Other
 31978 | Swamp:4  | Received a gift from Okawaru
 32242 | Swamp:4  | Got a decaying rune of Zot
 32773 | Vaults:1 | Entered Level 1 of the Vaults
 32879 | Vaults:1 | Received a gift from Okawaru
 33084 | Vaults:1 | Reached skill level 19 in Polearms
 33946 | Vaults:2 | Reached XP level 20. HP: 158/172 MP: 29/29
 33957 | Vaults:2 | Received a gift from Okawaru
 34227 | Vaults:2 | Found Ympesm's General Store.
 34295 | Vaults:2 | Found Siov's Antique Armour Boutique.
 34297 | Vaults:2 | Found Toywump's Magic Scroll Shop.
 34754 | Elf:3    | Bought a book of the Warp for 798 gold pieces
 34759 | Elf:3    | Learned a level 4 spell: Manifold Assault
 34763 | Elf:3    | Learned a level 3 spell: Swiftness
 35121 | Vaults:2 | Found Jyckog's Weapon Boutique.
 35186 | Vaults:2 | Identified the +0 helmet of Shadows and Fog {rCorr}
                  | (Okawaru gifted it to you on level 2 of the Vaults)
 35186 | Vaults:2 | Received a gift from Okawaru
 35287 | Vaults:2 | Learned a level 4 spell: Airstrike
 35441 | Vaults:2 | Reached skill level 1 in Air Magic
 35594 | Vaults:2 | Found Daepp's Armour Boutique.
 35933 | Vaults:2 | Identified the +8 quarterstaff "Oskoiw" {vorpal, rElec rF+
                  | MP+9 Str+4}
 36333 | Vaults:2 | Found a staircase to the Crypt.
 36338 | Crypt:1  | Entered Level 1 of the Crypt
 36427 | Crypt:1  | Received a gift from Okawaru
 36614 | Crypt:1  | Noticed Frederick
 36621 | Crypt:1  | Killed Frederick
 37019 | Crypt:1  | Reached skill level 10 in Translocations
 37178 | Crypt:2  | Noticed Margery
 37353 | Crypt:1  | Killed Margery
 37353 | Crypt:1  | Identified the +7 glaive "Faruan" {antimagic, rElec Int+4}
                  | (Okawaru gifted it to you on level 1 of the Crypt)
 37353 | Crypt:1  | Received a gift from Okawaru
 37478 | Crypt:2  | Reached XP level 21. HP: 178/180 MP: 33/33
 37524 | Arena    | Entered the Arena
 37936 | Crypt:2  | Found a runed door.
 38177 | Crypt:2  | Noticed a dread lich
 38188 | Crypt:2  | Killed a dread lich
 38188 | Crypt:2  | Identified the +1 plate armour "Quelav" {Stlth+} (Okawaru
                  | gifted it to you on level 2 of the Crypt)
 38188 | Crypt:2  | Received a gift from Okawaru
 38204 | Crypt:2  | Identified the +6 rapier "Seted" {elec, rC+ Int+3}
 38208 | Crypt:2  | Identified the +6 rapier of the Inferno {venom, rC+ Str+3}
 38232 | Crypt:2  | Identified the amulet of Fawigh {rElec Regen+ Str+2 Int-2}
 38235 | Crypt:2  | Identified the ring of Fogar {Int+7 Slay+4 Stlth+}
 38239 | Crypt:2  | Acquired the +1 helmet of Repulsion {Rampage rC+}
 38501 | Crypt:3  | Entered Level 3 of the Crypt
 38532 | Crypt:3  | Reached skill level 5 in Air Magic
 38739 | Crypt:3  | Found an ancient bone altar of Kikubaaqudgha.
 38995 | Crypt:3  | Reached skill level 15 in Dodging
 39375 | Crypt:3  | Noticed a profane servitor
 39394 | Crypt:3  | Killed a profane servitor
 39586 | Crypt:3  | Noticed Jory
 39587 | Crypt:3  | Found a staircase to the Tomb.
 39593 | Arena    | Entered the Arena
 39604 | Arena    | Killed Jory
 39627 | Crypt:3  | Received a gift from Okawaru
 39686 | Crypt:3  | Found the +6 Majin-Bo {vamp, MP+6 Int+6}
 39811 | Crypt:3  | Identified the ring "Jeojar" {rElec Str+6}
 40158 | Vaults:3 | Learned a level 6 spell: Dispersal
 40677 | Vaults:3 | Reached XP level 22. HP: 190/190 MP: 35/35
 40853 | Vaults:3 | Acquired 1111 gold pieces
 40897 | Vaults:3 | Identified the +1 plate armour of Experimentation {Rampage}
                  | (Okawaru gifted it to you on level 3 of the Vaults)
 40897 | Vaults:3 | Received a gift from Okawaru
 41383 | Vaults:4 | Found a magical portal.
 41391 | Vaults:4 | Acquired a book of the Moon
 41399 | Vaults:4 | Learned a level 5 spell: Silence
 41404 | Vaults:4 | Learned a level 4 spell: Passage of Golubria
 41423 | WizLab   | Entered Doroklohe's Tomb
 41726 | WizLab   | Noticed a royal mummy
 41732 | Arena    | Entered the Arena
 41735 | Arena    | Killed a royal mummy
 41877 | WizLab   | Reached skill level 10 in Spellcasting
 42487 | Vaults:4 | Found Yzoqode's Antique Armour Shoppe.
 42596 | Vaults:4 | Found Wuoph's Distillery.
 42602 | Vaults:4 | Bought a potion of heal wounds for 105 gold pieces
 42602 | Vaults:4 | Bought a potion of might for 84 gold pieces
 42612 | Vaults:4 | Found Yninumet's Weapon Shoppe.
 43205 | Vaults:4 | Found Kynaf's Distillery.
 43213 | Vaults:4 | Bought a potion of heal wounds for 75 gold pieces
 43436 | Vaults:5 | Entered Level 5 of the Vaults
 43450 | Vaults:5 | Noticed a dread lich
 43571 | Vaults:4 | Identified the +0 crystal plate armour of Amorality {rPois
                  | Dex+3} (Okawaru gifted it to you on level 4 of the Vaults)
 43571 | Vaults:4 | Received a gift from Okawaru
 43701 | Vaults:4 | Killed a dread lich
 43890 | Vaults:5 | Noticed a dread lich
 43892 | Arena    | Entered the Arena
 43914 | Arena    | Killed a dread lich
 44038 | Vaults:5 | Noticed a golden dragon
 44046 | Vaults:5 | Killed a golden dragon
 44159 | Vaults:5 | Gained mutation: You are resistant to unholy torment.
                  | [demonic ancestry]
 44159 | Vaults:5 | Reached XP level 23. HP: 197/198 MP: 38/38
 44216 | Vaults:5 | Got a silver rune of Zot
 44288 | Vaults:5 | Identified the +0 hat of Purpose {rPois Int+5} (Okawaru
                  | gifted it to you on level 5 of the Vaults)
 44288 | Vaults:5 | Received a gift from Okawaru
 44719 | Vaults:5 | Got Borgnjor's Incunable of the Grave
 45069 | Vaults:5 | Identified the +3 spear of Income {antimagic, rPois Str+2
                  | Int+3 Dex+2}
 45077 | Vaults:5 | Found Mucsylesk's Jewellery Shop.
 45282 | Vaults:5 | Identified the +4 arbalest of Cutota {venom, rN++ Will+
                  | Int+2}
 45282 | Vaults:5 | Identified the +3 broad axe of Egomania {vorpal, Str+2}
 45589 | Depths:1 | Entered Level 1 of the Depths
 45844 | Depths:1 | Noticed Louise
 45857 | Depths:1 | Killed Louise
 45986 | Depths:1 | Found Bapam's Antique Armour Shop.
 46037 | Depths:1 | Found a one-way gate leading to the halls of Pandemonium.
 46127 | Depths:1 | Reached skill level 20 in Polearms
 46148 | Depths:1 | Noticed a caustic shrike
 46152 | Depths:1 | Killed a caustic shrike
 46183 | Depths:1 | Reached skill level 1 in Hexes
 46253 | Depths:1 | Identified the +9 battleaxe of Giwn {vorpal, rC+ rN+}
 46447 | Depths:1 | Received a gift from Okawaru
 46490 | Depths:1 | You are sucked into a shaft and drop 1 floor!
 46574 | Depths:1 | Found a gateway to Hell.
 46784 | Depths:2 | Noticed a dread lich
 46784 | Depths:2 | Found a one-way gateway to a ziggurat.
 46950 | Depths:2 | Killed a dread lich
 46951 | Depths:2 | Reached skill level 10 in Air Magic
 46999 | Depths:2 | Noticed Sojobo
 47034 | Depths:2 | Killed Sojobo
 47268 | Depths:2 | Noticed Saint Roka
 47280 | Depths:2 | Killed Saint Roka
 47281 | Depths:2 | Gained mutation: You can hurl damnation. [demonic ancestry]
 47281 | Depths:2 | Reached XP level 24. HP: 196/208 MP: 39/39
 49466 | Depths:3 | Reached skill level 5 in Hexes
 49783 | Depths:3 | Reached skill level 21 in Polearms
 50089 | Depths:4 | Entered Level 4 of the Depths
 50251 | Depths:4 | Noticed Boris
 50267 | Depths:4 | Killed Boris
 50468 | Depths:4 | Received a gift from Okawaru
 50847 | Depths:4 | Noticed Vv
 50871 | Depths:4 | Killed Vv
 51160 | Depths:4 | Found a gate to the Realm of Zot.
 51178 | Hell     | Entered the Vestibule of Hell
 51178 | Hell     | Noticed Geryon
 51189 | Arena    | Entered the Arena
 51199 | Arena    | Killed Geryon
 51323 | Hell     | Received a gift from Okawaru
 51815 | Hell     | Gained mutation: You frequently emit foul miasma when
                  | damaged in melee. [demonic ancestry]
 51815 | Hell     | Reached XP level 25. HP: 152/217 MP: 39/39
 51899 | Hell     | Found a gateway to the decaying netherworld of Tartarus.
 51972 | Hell     | Found a gateway to the freezing wastes of Cocytus.
 52024 | Hell     | Found a gateway to the Iron City of Dis.
 52069 | Hell     | Found a gateway to the ashen valley of Gehenna.
 52609 | Slime:1  | Entered Level 1 of the Pits of Slime
 52861 | Slime:5  | Entered Level 5 of the Pits of Slime
 53029 | Slime:5  | Reached skill level 22 in Polearms
 53211 | Slime:5  | Noticed the Royal Jelly
 53223 | Slime:5  | Killed the Royal Jelly
 53577 | Slime:5  | Got a slimy rune of Zot
 53620 | Slime:5  | Identified the +1 robe of Muss {Harm *Corrode Fly}
 54011 | Slime:4  | Noticed Dissolution
 54024 | Slime:4  | Killed Dissolution
 54024 | Slime:4  | Received a gift from Okawaru
 55340 | Zot:1    | Entered Level 1 of the Realm of Zot
 55664 | Zot:1    | Received a gift from Okawaru
 55718 | Zot:1    | Noticed an orb of fire
 55719 | Zot:1    | Gained mutation: You occasionally lose the ability to drink
                  | potions when taking damage. [an orb of fire]
 55741 | Zot:1    | Killed an orb of fire
 57500 | Zot:2    | Reached XP level 26. HP: 224/227 MP: 39/39
 57561 | Zot:2    | Reached skill level 23 in Polearms
 58007 | Zot:3    | Noticed an orb of fire
 58024 | Zot:2    | Killed an orb of fire
 58148 | Zot:3    | You are sucked into a shaft and drop 1 floor!
 58270 | Zot:3    | Identified the +4 kite shield "Gys Laty" {*Corrode rElec
                  | rN++ Dex+3} (Okawaru gifted it to you on level 3 of the
                  | Realm of Zot)
 58270 | Zot:3    | Received a gift from Okawaru
 58673 | Zot:3    | Identified the +8 chain mail of the Mackerel {Rampage rPois
                  | rF-}
 58691 | Zot:3    | Reached skill level 15 in Translocations
 59202 | Zot:4    | Identified the +10 war axe of Meager Optimality {pain,
                  | *Rage rElec rN+++ rCorr}
 59754 | Zot:5    | Entered Level 5 of the Realm of Zot
 60075 | Depths:4 | Voluntarily entered the Abyss.
 60075 | Abyss:2  | Found a basalt altar of Yredelemnul.
 60359 | Abyss:3  | Found a corrupted altar of Lugonu.
 60443 | Abyss:3  | Found a corrupted altar of Lugonu.
 60667 | Abyss:5  | Identified the +1 ring mail "Ymis" {rN+ Will+ Int+4}
                  | (Okawaru gifted it to you on level 5 of the Abyss)
 60667 | Abyss:5  | Received a gift from Okawaru
 60673 | Abyss:5  | Got an abyssal rune of Zot
 60740 | Depths:4 | Escaped the Abyss
 60831 | Depths:4 | Voluntarily entered the Abyss.
 60831 | Abyss:5  | Found a corrupted altar of Lugonu.
 60862 | Abyss:5  | Paralysed by you for 2 turns
 60865 | Abyss:5  | Found a corrupted altar of Lugonu.
 60989 | Abyss:5  | Reached skill level 24 in Polearms
 61016 | Depths:4 | Escaped the Abyss
 61125 | Depths:4 | Voluntarily entered the Abyss.
 61134 | Abyss:6  | Found a corrupted altar of Lugonu.
 61256 | Abyss:6  | Reached XP level 27. HP: 236/236 MP: 32/39
 61383 | Depths:4 | Escaped the Abyss
 61462 | Depths:4 | Lost mutation: You occasionally lose the ability to drink
                  | potions when taking damage. [potion of mutation]
 61462 | Depths:4 | Gained mutation: You are partially covered in large bone
                  | plates. (SH +4) [potion of mutation]
 61462 | Depths:4 | Gained mutation: You occasionally lose the ability to drink
                  | potions when taking damage. [potion of mutation]
 61462 | Depths:4 | Gained mutation: You sometimes lose the ability to drink
                  | potions when taking damage. [potion of mutation]
 61463 | Depths:4 | Lost mutation: You sometimes lose the ability to drink
                  | potions when taking damage. [potion of mutation]
 61463 | Depths:4 | Lost mutation: You occasionally lose the ability to drink
                  | potions when taking damage. [potion of mutation]
 61463 | Depths:4 | Gained mutation: Potions are less effective at restoring
                  | your health. [potion of mutation]
 61463 | Depths:4 | Gained mutation: Your body sometimes deteriorates upon
                  | taking damage. [potion of mutation]
 61463 | Depths:4 | Gained mutation: Your flesh is heat resistant. (rF+)
                  | [potion of mutation]
 61464 | Depths:4 | Lost mutation: Your body sometimes deteriorates upon taking
                  | damage. [potion of mutation]
 61464 | Depths:4 | Lost mutation: Potions are less effective at restoring your
                  | health. [potion of mutation]
 61464 | Depths:4 | Lost mutation: Your flesh is heat resistant. (rF+) [potion
                  | of mutation]
 61464 | Depths:4 | Gained mutation: You are weak. (Str -2) [potion of
                  | mutation]
 61465 | Depths:4 | Lost mutation: You are partially covered in large bone
                  | plates. (SH +4) [potion of mutation]
 61465 | Depths:4 | Lost mutation: You are weak. (Str -2) [potion of mutation]
 61465 | Depths:4 | Gained mutation: You are agile. (Dex +4, Str/Int -1)
                  | [potion of mutation]
 61465 | Depths:4 | Gained mutation: You are very agile. (Dex +8, Str/Int -2)
                  | [potion of mutation]
 61568 | Geh:1    | Entered Level 1 of Gehenna
 61639 | Geh:2    | Received a gift from Okawaru
 61749 | Geh:3    | Noticed a dread lich
 61947 | Geh:3    | Killed a dread lich
 62166 | Geh:3    | Found a runed translucent gate.
 62166 | Geh:3    | Found a runed translucent gate.
 62167 | Geh:3    | Found a runed translucent gate.
 62167 | Geh:3    | Found a runed translucent gate.
 62168 | Geh:3    | Found a runed translucent gate.
 62168 | Geh:3    | Found a runed translucent gate.
 62168 | Geh:3    | Found a runed translucent gate.
 62169 | Geh:3    | Found a runed translucent gate.
 62169 | Geh:3    | Found a runed translucent gate.
 62170 | Geh:3    | Found a runed translucent gate.
 62170 | Geh:3    | Found a runed translucent gate.
 62170 | Geh:3    | Found a runed translucent gate.
 62876 | Geh:5    | Received a gift from Okawaru
 63067 | Geh:6    | Noticed a dread lich
 63098 | Hell     | Killed a dread lich
 63472 | Geh:7    | Entered Level 7 of Gehenna
 63885 | Geh:7    | Reached skill level 25 in Polearms
 63893 | Geh:7    | Noticed the Serpent of Hell
 63897 | Arena    | Entered the Arena
 63906 | Arena    | Killed the Serpent of Hell
 63934 | Geh:7    | Identified the +7 spear of Exquisite Death {freeze, Int+3
                  | Dex+4} (Okawaru gifted it to you on level 7 of Gehenna)
 63934 | Geh:7    | Received a gift from Okawaru
 63996 | Geh:7    | Reached skill level 15 in Invocations
 64870 | Geh:7    | Identified the +1 scale mail "Ipsyovua" {Dex+3}
 64873 | Geh:7    | Identified the ring of Widd {AC+4 Slay+5}
 64876 | Geh:7    | Identified the +1 leather armour of Resonance {Will- Int+4
                  | Dex+3 Slay+3}
 65041 | Geh:7    | Identified the ring of Gaxtit {Fire Stlth+}
 65096 | Geh:7    | Found the +7 sceptre of Asmodeus
 65096 | Geh:7    | Noticed Asmodeus
 65103 | Arena    | Entered the Arena
 65143 | Arena    | Killed Asmodeus
 65233 | Geh:7    | Got an obsidian rune of Zot
 65422 | Coc:1    | Entered Level 1 of Cocytus
 65674 | Coc:4    | Noticed a dread lich
 65825 | Arena    | Entered the Arena
 65869 | Coc:4    | Noticed a dread lich
 65901 | Coc:4    | Killed a dread lich
 65910 | Coc:4    | Killed a dread lich
 66011 | Arena    | Entered the Arena
 66062 | Arena    | Entered the Arena
 66476 | Coc:7    | Entered Level 7 of Cocytus
 66633 | Coc:7    | Reached skill level 26 in Polearms
 67119 | Coc:7    | Received a gift from Okawaru
 67181 | Coc:7    | Noticed Antaeus
 67188 | Arena    | Entered the Arena
 67214 | Arena    | HP: 12/242 [Antaeus (40)]
 67214 | Arena    | HP: 3/242 [Antaeus (9)]
 67215 | Arena    | Killed from afar by Antaeus

Illustrated notes

Levels and vault maps discovered:
D:1:      ncdulo_wetmaze, layout_basic, hellmonk_ecumenical_altar_leap_of_faith
D:2:      layout_basic, amcnicky_mini_rare_corridor_liquid
D:3:      layout_basic, kennysheep_generic_room_15, uniq_crazy_yiuf_cottage
D:4:      layout_loops_ring, mainiacjoe_overflow_small_starburst,
          gup_sewer_entry_bubbles, uniq_sigmund, uniq_natasha,
          uniq_blork_the_orc, uniq_pikel
D:5:      layout_loops_cross
D:6:      layout_basic, nicolae_sif_muna_condensation,
          mainiacjoe_overflow_brackets, minmay_temple_entry_nine_rooms,
          enter_ossuary_3, centaur_isle, uniq_duvessa
D:7:      layout_layer_cave, serial_glass, glass_columns_a, glass_columns_a
D:8:      layout_basic, nicolae_uskayaw_murder_on_the_dancefloor,
          kennysheep_slug_shrine, mainiacjoe_overflow_paths,
          grunt_lair_entry_orc_guard_hut, serial_shops, shop
D:9:      layout_long_grid, overflow_temple_1_default, minitemple,
          enter_bailey_5, hellmonk_guarded_unrand_gyre_and_gimble
D:10:     minmay_imperfect_grid, layout_long_grid, zin_treasury,
          mainiacjoe_overflow_alcove_1, uniq_amaemon
D:11:     layout_rooms, serial_undead, serial_undead_e, serial_undead_b,
          serial_undead_a, serial_undead_d, serial_undead_f, serial_undead_c
D:12:     layout_loops_ring, orc_0_dummy
D:13:     layout_basic, gammafunk_ghost_abyssal_escape,
          nicolae_shop_overcharged_wands
D:14:     minmay_smoke_and_mirrors, layout_basic, erik_vaults_1, serial_shops,
          nicolae_shop_hallway_stairs, minivault_11
D:15:     grunt_enter_depths_magical_seal, layout_basic,
          corexii_hall_statues_deadend
Temple:   minmay_freezing_vapour_temple
Lair:1:   layout_chaotic_city
Lair:2:   layout_gridlike, hellmonk_spider_entry_not_the_bees, special_room
          [special_room_bee], hibernation_bobbens
Lair:3:   layout_roguey, palyth_hydra_swamp_entry, minmay_lindwurm_lava,
          lemuel_fruit_fields
Lair:4:   layout_big_grid, hellmonk_ghost_happy_afterlife, enter_volcano_3,
          nicolae_quartered_pool_little, worms_lemuel, infiniplex_staircase_pool
Lair:5:   grunt_lair_end_beastmaster, layout_cave_shapes, slime_entry_1,
          lemuel_fruit_tree, serial_bayou_shore_a, grunt_megastairs_3,
          infiniplex_staircase_pool_2, lemuel_fruit_fields, uniq_rupert
Swamp:1:  layout_basic_swamp, evilmike_swamp_ruin_house_4,
          nicolae_swamp_frolicking_bunyips
Swamp:2:  layout_falls_marsh, serial_swamp_ruin, evilmike_swamp_ruin_house_2,
          evilmike_swamp_ruin_house_5
Swamp:3:  layout_basic_swamp, nicolae_swamp_godswood
Swamp:4:  swamp_fiery, layout_basic_swamp
Spider:1: layout_spider_delve, gammafunk_ghost_berserking_beasts,
          hangedman_spider_tarantella_strand
Spider:2: layout_spider_delve
Spider:3: layout_spider_delve, drop_trap, nicolae_spider_some_kinda_spiderbox
Spider:4: hellmonk_spider_rune_bug_friends, nicolae_spider_jagged_tunnels,
          uniq_arachne
Slime:1:  layout_caves
Slime:2:  layout_caves
Slime:3:  layout_caves
Slime:4:  layout_caves, basic_altar, uniq_dissolution
Slime:5
Orc:1:    layout_caves, serial_shops, shop, shop_fountains, nicolae_square_shop,
          shop, nicolae_shop_statue_plus, mines3_lemuel
Orc:2:    st_orc_congregation, layout_caves, nicolae_orc_pool_cavern,
          mines4_lemuel
Elf:1:    eino_elf_arrival_shootout, layout_geoelf_octagon,
          minmay_elf_necromancy, glass_columns_a
Elf:2:    elven_hall_of_blades_hangedman_original
          [nicolae_blade_entry_pointy_end], layout_gridlike, serial_shops,
          nicolae_stop_n_shop_2, nicolae_shop_waterfront, shop, shop,
          hellmonk_ghost_big_iron
Elf:3:    minmay_elf_hall_curves, layout_geoelf_diagonals, serial_shops, shop,
          item_on_display_a, minmay_shop_grove
Vaults:1: ontoclasm_vaults_ring_square, nicolae_vaults_back_hallway,
          hangedman_vaults_cutoff, v_misc_9, nicolae_vaults_ring_of_whatevers,
          v_misc_28, vaults_room_fours, vaults_room_pool,
          vaults_dpeg_encased_lava, hangedman_vaults_pinch,
          vaults_mumra_minichess, nicolae_vaults_big_angled_halls,
          vaults_room_semicircle, layout_vaults_big_room
Vaults:2: minmay_crypt_entry_simple_walls, st_eye, v_pattern_3, v_misc_8,
          vaults_room_ringed_pool, v_misc_31, ontoclasm_vaults_eye,
          ontoclasm_vaults_shuriken, nicolae_vaults_little_ls,
          nicolae_vaults_little_squares_5, layout_vaults_omnigrid, serial_shops,
          shop_coins, nicolae_lakefront_shop, shop, nicolae_shop_stone,
          nicolae_shop_behind_doors
Vaults:3: vaults_room_boxed, nicolae_vaults_little_squares_5,
          hangedman_vaults_restitches, v_misc_15, hangedman_vaults_snaps,
          v_misc_4, v_misc_2, vaults_room_stairs_pillars,
          nicolae_vaults_twisting_passages, ontoclasm_vaults_gateway,
          layout_vaults_ring
Vaults:4: mu_enter_wizlab_5, nicolae_vaults_network_periphery,
          hangedman_vaults_unwind, hangedman_vaults_corner_blocks,
          vaults_dpeg_hooks, v_misc_4, nicolae_vaults_little_squares_1,
          v_misc_17, dpeg_vaults_monster_row, nicolae_vaults_asterisk,
          layout_vaults_omnicross, serial_shops,
          nicolae_shop_bloodbath_and_beyond, nicolae_shop_crystal,
          shop_fountains, shop
Vaults:5
Crypt:1:  layout_gridlike, roderic_lattice_octagonal_star, uniq_frederick
Crypt:2:  evilmike_wizard_prison, layout_misc_corridors, uniq_margery
Crypt:3:  grunt_crypt_end_deaths_head
Depths:1: layout_gridlike, nicolae_abyss_entry_one_way_or_another,
          corexii_hall_statues_deadend, pan_entry, serial_shops, shop,
          pf_dread_powers_of_hell, dk_noncrumbling_3, minmay_pinched_square
Depths:2: wad_mega_maze, layout_gridlike, enter_ziggurat_c, lightli_too_deep,
          hangedman_decor_peaks_small, rand_demon_pan_entry_8,
          corexii_hall_statues_x, nrook_campfire, uniq_sojobo, uniq_saint_roka
Depths:3: evilmike_hourglass, layout_basic, grunt_hell_entry_dis_old,
          abyss_entry, drop_trap, lightli_corner_chamber
Depths:4: evilmike_zot_entry_gauntlet, layout_cave_pools,
          minmay_misc_feat_more_columns, hell_entry, abyss_entry, drop_trap,
          uniq_boris, uniq_vv
Hell
Geh:1:    layout_gehenna_pools_box
Geh:2:    layout_gehenna_lava_caves
Geh:3:    layout_gehenna_pools_basic, nicolae_geh_backdraft
Geh:4:    layout_gehenna_pools_basic
Geh:5:    layout_gehenna_pools_box
Geh:6:    layout_gehenna_lava_caves
Geh:7:    evilmike_geh
Coc:1:    layout_ice_bergs
Coc:2:    layout_cocytus_water_paths
Coc:3:    layout_cocytus_water_paths
Coc:4:    layout_cocytus_delve
Coc:5:    layout_cocytus_water_paths
Coc:6:    layout_cocytus_water_paths
Coc:7:    coc_old
Zot:1:    lemuel_firehouse, layout_cathedral_of_symmetry
Zot:2:    layout_cellular_growth
Zot:3:    layout_cellular_growth
Zot:4:    layout_cellular_growth
Zot:5:    layout_misc_corridors
Arena

Skill      XL: |  1  2  3  4  5  6  7  8  9 10 11 12 13 14 15 16 17 18 19 20 21 22 23 24 25 26 27 |
---------------+----------------------------------------------------------------------------------+-----
Polearms       | 2 3 4 5 6 7 9 10 11 13 14 16 17 18 19 20 21 22 24 26 | 26.0
Fighting       | 4 5 6 7 8 9 10 11 13 14 15 17 18 19 20 21 22 23 25 | 25.0
Invocations    | 3 8 11 13 19 | 19.8
Armour         | 4 7 9 10 11 12 13 14 | 14.0
Dodging        | 3 6 8 9 11 12 13 14 15 16 17 18 20 | 20.0
Shields        | 5 6 9 10 | 10.0
Translocations | 4 7 10 12 13 14 15 16 | 16.1
Spellcasting   | 4 6 8 9 11 12 | 12.0
Air Magic      | 4 6 8 10 | 10.0
Hexes          | 3 7 8 |  8.0

Action                   |  1- 3 |  4- 6 |  7- 9 | 10-12 | 13-15 | 16-18 | 19-21 | 22-24 | 25-27 || total
-------------------------+-------+-------+-------+-------+-------+-------+-------+-------+-------++-------
Melee: Trident           |   139 |       |       |       |       |       |       |       |       ||   139
       Punch             |     1 |     1 |     4 |    11 |     4 |       |       |       |       ||    21
       Hand axe          |     5 |    73 |   308 |   557 |   323 |       |       |       |       ||  1266
       Bardiche          |       |       |       |       |   125 |       |       |       |       ||   125
       Kick              |       |       |       |       |   348 |   280 |   532 |   544 |  1093 ||  2797
       Demon trident     |       |       |       |       |   484 |   818 |  1343 |  1504 |  2530 ||  6679
Throw: Dart              |       |       |       |    16 |     5 |       |       |       |       ||    21
 Cast: Manifold Assault  |       |       |       |       |       |       |    22 |    61 |   135 ||   218
       Passage of Golubr |       |       |       |       |       |       |       |     2 |     3 ||     5
       Dispersal         |       |       |       |       |       |       |       |     2 |       ||     2
       Swiftness         |       |       |       |       |       |       |       |     1 |     1 ||     2
       Silence           |       |       |       |       |       |       |       |     3 |     6 ||     9
       Lesser Beckoning  |       |       |       |       |       |       |       |       |    73 ||    73
       Blink             |       |       |       |       |       |       |       |       |     1 ||     1
Invok: Heroism           |       |       |       |     6 |     3 |     3 |     3 |     8 |    15 ||    38
       Finesse           |       |       |       |     2 |     3 |     2 |     3 |     4 |    17 ||    31
       Duel              |       |       |       |       |       |       |     2 |     3 |     6 ||    11
 Abil: Hurl Damnation    |       |       |       |       |       |       |       |     4 |     5 ||     9
Evoke: Wand              |       |       |       |       |       |       |     4 |     1 |       ||     5
  Use: Potion            |     1 |     1 |     3 |     4 |     3 |       |     5 |    11 |    30 ||    58
       Scroll            |       |       |    13 |    16 |    16 |     6 |     2 |    21 |     7 ||    81
 Stab: Sleeping          |       |       |     1 |       |     2 |       |       |       |       ||     3
       Distracted        |       |       |     1 |       |     3 |    18 |    35 |    29 |    61 ||   147
       Invisible         |       |       |     1 |     1 |       |       |       |       |       ||     2
       Confused          |       |       |       |       |     5 |       |     1 |       |       ||     6
       Petrified         |       |       |       |       |     4 |       |       |       |       ||     4
       Paralysed         |       |       |       |       |     2 |       |     3 |       |     2 ||     7
Armor: Scale mail        |    52 |    35 |   171 |       |       |       |       |       |       ||   258
       Plate armour      |       |       |     5 |   374 |       |       |       |       |       ||   379
       Fire dragon scale |       |       |       |    60 |    42 |       |       |       |       ||   102
       Quicksilver drago |       |       |       |       |   126 |       |       |       |       ||   126
       Chain mail        |       |       |       |       |    42 |       |       |       |       ||    42
       Pearl dragon scal |       |       |       |       |    22 |    49 |   289 |   366 |   445 ||  1171
       Ring mail         |       |       |       |       |     3 |       |       |       |       ||     3
       Crystal plate arm |       |       |       |       |       |   161 |     8 |       |       ||   169
Dodge: Dodged            |    76 |    35 |   130 |   158 |   230 |   248 |   323 |   343 |   652 ||  2195
Block: Buckler           |       |       |       |       |   163 |   208 |   268 |   314 |   477 ||  1430
       Reflection        |       |       |       |       |    23 |    19 |    49 |    52 |    60 ||   203
       Rpst.: Hand axe   |       |       |       |    13 |    54 |       |       |       |       ||    67
       Demon trident     |       |       |       |       |    44 |   102 |   127 |   139 |   260 ||   672

Table legend: (Time is in decaauts)
 A = Elapsed time spent in this place.
 B = Non-inter-level travel time spent in this place.
 C = Inter-level travel time spent in this place.
 D = Time resting spent in this place.
 E = Time spent auto-exploring this place.
 F = Levels seen in this place.
 G = Mean time per level.
                   A        B        C        D        E       F      G
               +--------+--------+--------+--------+--------+-----+--------+
         Total |  64757 |  59579 |   5178 |   7997 |  34845 |  95 |  681.7 |
       Dungeon |  16970 |  15349 |   1621 |   1323 |  10991 |  15 | 1131.3 |
        Temple |      5 |      5 |      0 |      0 |      0 |   1 |    5.0 |
          Lair |   4386 |   3852 |    534 |    177 |   2678 |   5 |  877.2 |
         Swamp |   2110 |   1978 |    132 |      0 |   1476 |   4 |  527.5 |
   Spider Nest |   3082 |   2900 |    182 |    281 |   1848 |   4 |  770.5 |
    Slime Pits |   2234 |   2045 |    189 |    448 |    947 |   5 |  446.8 |
  Orcish Mines |   1516 |   1180 |    336 |     38 |    891 |   2 |  758.0 |
   Elven Halls |   3455 |   3180 |    275 |    382 |   1941 |   3 | 1151.7 |
        Vaults |   7456 |   6906 |    550 |    606 |   4576 |   5 | 1491.2 |
         Crypt |   3444 |   3062 |    382 |    545 |   1607 |   3 | 1148.0 |
        Depths |   6622 |   6029 |    593 |   1305 |   3730 |   4 | 1655.5 |
          Hell |   1062 |   1045 |     17 |    490 |    302 |   1 | 1062.0 |
       Gehenna |   3074 |   2857 |    217 |   1118 |      0 |   7 |  439.1 |
       Cocytus |   1363 |   1363 |      0 |    588 |      0 |   7 |  194.7 |
           Zot |   4456 |   4311 |    145 |    316 |   3167 |   5 |  891.2 |
         Abyss |   1172 |   1172 |      0 |     40 |      0 |   8 |  146.5 |
         Sewer |    469 |    469 |      0 |      0 |    297 |   1 |  469.0 |
       Ossuary |    330 |    330 |      0 |     58 |    150 |   1 |  330.0 |
        Bailey |    366 |    366 |      0 |      0 |    146 |   1 |  366.0 |
       Volcano |    324 |    324 |      0 |     63 |      0 |   1 |  324.0 |
        Wizlab |    584 |    584 |      0 |    139 |     96 |   1 |  584.0 |
         Arena |    269 |    269 |      0 |     77 |      0 |  11 |   24.5 |
               +--------+--------+--------+--------+--------+-----+--------+

Top non-repeatable levels by time:
Depths:4: 2140 daAuts
Depths:2: 1967 daAuts
Vaults:2: 1866 daAuts
Vaults:4: 1801 daAuts
   Geh:7: 1709 daAuts
     D:8: 1625 daAuts
     D:4: 1497 daAuts
     D:6: 1471 daAuts
   Zot:1: 1399 daAuts
     D:2: 1378 daAuts
Depths:1: 1356 daAuts
   Elf:3: 1328 daAuts
Vaults:5: 1319 daAuts
     D:7: 1307 daAuts
    D:10: 1290 daAuts
